 Dungeon Crawl Stone Soup version 0.25.1-2-g60ff931df9 (webtiles) character file.

Game seed: 1810747223529913498

113 funkygono the Conjurer (level 4, -1/33 HPs)
             Began as a Draconian Conjurer on Nov 28, 2020.
             Slain by a gnoll
             ... wielding a +0 flail
              (6 damage)
             ... on level 2 of the Dungeon.
             The game lasted 00:03:35 (2104 turns).

funkygono the Conjurer (Draconian Conjurer)         Turns: 2104, Time: 00:03:35

Health: -1/33      AC:  6    Str: 11    XL:     4   Next: 65%
Magic:  0/8        EV: 12    Int: 16    God:
Gold:   135        SH:  0    Dex: 11    Spells: 5/8 levels left

rFire    . . .     SeeInvis .   e - +0 dagger
rCold    . . .     Gourm    .   (no shield)
rNeg     . . .     Faith    .   (armour unavailable)
rPois    +         Spirit   .   (helmet restricted)
rElec    .         Reflect  .   (no cloak)
rCorr    .         Harm     .   c - +0 pair of gloves
MR       .....                  (no boots)
Stlth    +++.......             (no amulet)
HPRegen  0.11/turn              f - ring of stealth
MPRegen  0.11/turn              g - ring of poison resistance

@: no status effects
A: unfitting armour, cold-blooded, AC +5
a: no special abilities


You were on level 2 of the Dungeon.
You were not hungry.

You visited 1 branch of the dungeon, and saw 2 of its levels.

You collected 135 gold pieces.

Inventory:

Hand Weapons
 e - a +0 dagger (weapon)
Armour
 c - a +0 pair of gloves (worn)
Jewellery
 d - an uncursed amulet of guardian spirit {unknown}
 f - a ring of stealth (left hand)
 g - a ring of poison resistance (right hand)
 l - a +6 ring of intelligence {unknown}
Scrolls
 a - a scroll of enchant weapon {unknown}
Potions
 h - a potion of resistance {unknown}
 i - a potion of haste {unknown}
 j - a potion of lignification {unknown}
 k - a potion of curing {unknown}
Comestibles
 b - 2 rations


   Skills:
 + Level 2.1 Dodging
 - Level 1.7 Stealth
 * Level 2.7 Spellcasting
 * Level 5.5 Conjurations


You had 5 spell levels left.
You knew the following spells:

 Your Spells              Type           Power        Failure   Level  Hunger
a - Magic Dart            Conj           ###.         1%          1    #......
b - Searing Ray           Conj           ###...       3%          2    ##.....

Your spell library contained the following spells:

 Spells                   Type           Power        Failure   Level  Hunger
 Dazzling Flash           Conj/Hex       ##....       19%         3    ###....
 Fulminant Prism          Conj/Hex       ##........   52%         4    #####..
 Iskenderun's Mystic Bla  Conj/Tloc      ##......     52%         4    #####..


Dungeon Overview and Level Annotations

Branches:
Dungeon (2/15)

Altars:
Wu Jian


Innate Abilities, Weirdness & Mutations

Your plain brown scales are hard. (AC +5)
You cannot fit into any form of body armour.
You are cold-blooded and may be slowed by cold attacks.


Message History

The gnoll is severely wounded.
The gnoll barely misses you.
Casting: Searing Ray (safe; 3% risk of failure)
Confirm with . or Enter, or press ? or * to list all spells.
You don't have enough magic to cast that spell.
Unknown command.
Casting: Searing Ray (safe; 3% risk of failure)
Confirm with . or Enter, or press ? or * to list all spells.
You don't have enough magic to cast that spell.
Unknown command.
Casting: Searing Ray (safe; 3% risk of failure)
Confirm with . or Enter, or press ? or * to list all spells.
Aiming: Searing Ray (safe; 3% risk of failure)
Press: ? - help, Shift-Dir - straight line, f - gnoll
Aim: a gnoll, wielding a +0 flail (severely wounded)
The searing ray misses the gnoll. (Press . to maintain the ray.) Without enough magic to sustain it, your searing ray dissipates.
The gnoll hits you with a +0 flail.
You die...

....... #..# #........ # ### #..#
#......... #.... #..# #.........
#.#)####..# #.........
#.)(......# #......... #.#
###.############.........
.####.###............(##.........
>..............g@....(...........
####..###.#.#.).....#......#.#.#.
#..# #.#.##....#.#..#.#.#.#.#.
#..###.#.......#.#..#.#.#.#.#.
####................#..#.#.#.#.#.
[.......######.........#.#.....#.
........'....#.#......##.###.#...
........####.#.#.........# #.#.#.
........# #.........#######.....


You could see a gnoll.

Vanquished Creatures
  Natasha (D:2)
  3 gnolls (D:2)
  An adder (D:2)
  2 dart slugs
  3 orcs (D:2)
  A ball python (D:1)
  A giant cockroach (D:1)
  4 goblins
  6 hobgoblins
  A quokka (D:2)
  4 bats (D:1)
  2 frilled lizards
  7 kobolds
  10 rats
46 creatures vanquished.

Notes
Turn   | Place    | Note
-------+----------+-------------------------------------------
     0 | D:1      | funkygono the Draconian Conjurer began the quest for the
                  | Orb.
     0 | D:1      | Reached XP level 1. HP: 14/14 MP: 3/3
   462 | D:1      | Reached XP level 2. HP: 20/20 MP: 0/5
   521 | D:1      | Learned a level 2 spell: Searing Ray
  1162 | D:2      | Reached XP level 3. HP: 25/26 MP: 1/6
  1597 | D:2      | Found an ornate altar of the Wu Jian Council.
  1599 | D:2      | Noticed Natasha
  1601 | D:2      | Killed Natasha
  1601 | D:2      | Reached skill level 5 in Conjurations
  1610 | D:2      | Reached XP level 4. HP: 18/33 MP: 1/7
  2104 | D:2      | Slain by a gnoll

Illustrated notes

Levels and vault maps discovered:
D:1:      ncdulo_lavacross, layout_rooms, serial_rivers,
          chequers_serial_rivers_small_a, chequers_serial_rivers_large_b,
          chequers_serial_rivers_room_b, chequers_serial_rivers_small_3
D:2:      layout_basic, nicolae_overflow_crystal_walls,
          amethyst_overflow_temple_binary, uniq_natasha

Skill      XL: |  1  2  3 |
---------------+----------+-----
Dodging        | 2 |  2.1
Conjurations   | 5 |  5.5
Stealth        | |  1.7
Spellcasting   | |  2.7

Action                   |  1- 3 |  4- 6 || total
-------------------------+-------+-------++-------
Melee: Unarmed           |     9 |       ||     9
       Dagger            |    24 |    13 ||    37
       Tailslap          |       |     4 ||     4
 Cast: Magic Dart        |    44 |    15 ||    59
       Searing Ray       |     2 |     3 ||     5
  Use: Scroll            |     3 |       ||     3
  Eat: Chunk             |     3 |     2 ||     5
Armor: Skin              |    11 |     3 ||    14
Dodge: Dodged            |    24 |    21 ||    45
